 Dungeon Crawl Stone Soup version 0.25-a0-290-g4a1327ee3a (webtiles) character file.

Game seed: 3969346202473539202, levelgen mode: deterministic

8465 MisterFreud the Nimble (level 11, 0/49 HPs)
             Began as a Spriggan Assassin on Dec 14, 2019.
             Was a Believer of Uskayaw.
             Slain by a polar bear (27 damage)
             ... on level 10 of the Dungeon.
             The game lasted 00:28:31 (9853 turns).

MisterFreud the Nimble (Spriggan Assassin)          Turns: 9853, Time: 00:28:32

Health: 0/49       AC:  4    Str:  7    XL:     11   Next: 10%
Magic:  16/16      EV: 31    Int: 17    God:    Uskayaw [**....]
Gold:   377        SH:  0    Dex: 17    Spells: 10/10 levels left

rFire    . . .     SeeInvis +   P - +1 rapier (flame)
rCold    + . .     Gourm    .   (shield restricted)
rNeg     . . .     Faith    .   b - +0 robe
rPois    .         Spirit   .   e - +1 hat
rElec    .         Reflect  .   c - +0 cloak
rCorr    .         Harm     .   (gloves unavailable)
MR       +....                  (boots unavailable)
Stlth    +++++.....             S - amulet of regeneration
HPRegen  0.56/turn              L - ring of protection from cold
MPRegen  0.15/turn              q - +1 ring of evasion

@: very quick
A: very small, unfitting armour, see invisible, herbivore, speed 3, slow
metabolism 2
a: Stomp, Line Pass, Renounce Religion


You were on level 10 of the Dungeon.
You worshipped Uskayaw.
Uskayaw was noncommittal.
You were not hungry.

You visited 2 branches of the dungeon, and saw 11 of its levels.

You collected 377 gold pieces.

Inventory:

Hand Weapons
 a - a +3 dagger
 p - a +1 short sword of protection
 x - a +0 rapier
 P - a +1 rapier of flaming (weapon)
Missiles
 o - 22 poisoned darts (quivered)
 y - 4 boomerangs
Armour
 b - a +0 robe (worn)
 c - a +0 cloak (worn)
 e - a +1 hat (worn)
Jewellery
 i - an uncursed ring of ice
 l - an uncursed ring of flight
 q - a +1 ring of evasion (right hand)
 A - an uncursed ring of positive energy
 D - an uncursed amulet of guardian spirit
 L - a ring of protection from cold (left hand)
 Q - an uncursed ring of protection from cold
 S - an amulet of regeneration (around neck)
Wands
 h - a wand of flame (43)
 r - a wand of digging (8)
 B - a wand of random effects (16)
 G - a wand of polymorph (8)
 H - a wand of iceblast (18)
 N - a wand of enslavement (10)
 T - a wand of acid (9)
Scrolls
 d - 2 scrolls of enchant armour
 g - a scroll of magic mapping
 k - 8 scrolls of remove curse
 m - 2 scrolls of teleportation
 s - a scroll of immolation
 C - 2 scrolls of enchant weapon
 K - 2 scrolls of silence {unknown}
 M - 2 scrolls of fear
Potions
 j - 3 potions of curing
 n - 3 potions of resistance
 t - 3 potions of might
 u - 3 potions of degeneration
 v - a potion of flight {unknown}
 w - a potion of mutation
 z - a potion of haste {unknown}
 E - a potion of magic
 F - 4 potions of invisibility
 I - a potion of lignification
 J - 2 potions of berserk rage
 R - a potion of agility
Miscellaneous
 O - a lightning rod (4/4)
Comestibles
 f - 15 rations


   Skills:
 - Level 1.5 Fighting
 + Level 11.3 Short Blades
 - Level 5.3 Throwing
 - Level 14.0 Dodging
 - Level 10.0 Stealth
 + Level 3.2 Invocations
 - Level 6.1 Evocations


You had 10 spell levels left.
You didn't know any spells.
Your spell library contained the following spells:

 Spells                   Type           Power        Failure   Level  Hunger
 Foxfire                  Conj/Fire      #...         24%         1    ##.....
 Sandblast                Erth           #.....       24%         1    ##.....
 Passwall                 Tmut/Erth      #.......     34%         2    ###....
 Recall                   Summ/Tloc      N/A          56%         3    ####...
 Stone Arrow              Conj/Erth      #.....       56%         3    ####...
 Animate Dead             Necr           N/A          93%         4    #####..
 Cause Fear               Hex            #.........   93%         4    #####..
 Petrify                  Tmut/Erth      #.......     93%         4    #####..
 Borgnjor's Vile Clutch   Necr/Erth      #.........   100%        5    ######.
 Lee's Rapid Deconstruct  Erth           #.........   100%        5    ######.
 Death Channel            Necr           #.........   100%        6    #######
 Simulacrum               Ice/Necr       #.........   100%        6    #######
 Dragon Form              Tmut           #.........   100%        7    #######
 Malign Gateway           Summ/Tloc      #.........   100%        7    #######
 Monstrous Menagerie      Summ           #.........   100%        7    #######
 Summon Greater Demon     Summ           #.........   100%        7    #######
 Summon Horrible Things   Summ           #.........   100%        8    #######
 Dragon's Call            Summ           #.........   100%        9    #######


Dungeon Overview and Level Annotations

Branches:
Dungeon (10/15)            Temple (1/1) D:4            Lair (0/6) D:10
    Orc: D:9-12

Altars:
Ashenzari
Cheibriados
Elyvilon
Fedhas
Gozag
Hepliaklqana
Kikubaaqudgha
Makhleb
Nemelex Xobeh
Okawaru
Qazlal
Ru
Sif Muna
Trog
Uskayaw
Vehumet
Wu Jian
Xom
Yredelemnul
Zin
The Shining One
Lugonu

Shops:
D:8 %

Annotations:
D:4 1 runed translucent door, Crazy Yiuf
D:8 2 transporters, grouchysmurf's ghost, novice TrHu


Innate Abilities, Weirdness & Mutations

You are very small and have problems with some larger weapons.
You are too small for most types of armour.
You have supernaturally acute eyesight. (SInv)
You are a herbivore.
You cover ground extremely quickly.
You need to consume almost no food.


Message History

You hit the polar bear. You burn the polar bear.
The polar bear is severely wounded.
The polar bear goes berserk!
You hit the polar bear but do no damage.
The polar bear is severely wounded.
The polar bear closely misses you. The polar bear completely misses you.
The polar bear claws you but does no damage.
You hit the polar bear but do no damage.
The polar bear is almost dead.
The polar bear bites you!! The polar bear barely misses you.
The polar bear misses you.
You hit the polar bear. You burn the polar bear.
The polar bear is almost dead.
The polar bear completely misses you. x2; The polar bear closely misses you.
You can now pass through a line of other dancers.
You barely miss the polar bear.
The polar bear is almost dead.
The polar bear bites you!!
Ouch! That really hurt!
You die...

.................#...#.#.#####..
....................#...........
........8..........##........##.
....##.............#.........##.
.....###.....>.....##.......# #.
......#.#......).###.......# #.
#...#####......#....<# ###)
###...## ###..<...#...#####.#.
###.##..(#####.@...###..#.......
#....##...#.##h....####.........
#..................#............
#..).)#......(..................
#.....#................##.#((...
##...##..................###(...
##.###..(..((.....##.... ##....
## #.###.#............ #.....
....####......#.........#..


You could see a polar bear (berserk).

Vanquished Creatures
  A centaur warrior (D:10)
  A death knight (D:8)
  2 two-headed ogres
  A death yak (D:10)
  Pikel (D:7)
  Joseph (D:7)
  A tengu conjurer (D:8)
  Grinder (D:3)
  2 hippogriffs (D:8)
  A slime creature (D:8)
  Sigmund (D:3)
  Eustachio (D:4)
  2 orc warriors
  2 sky beasts
  2 ice beasts (D:10)
  5 ogres
  4 centaurs
  3 crocodiles (D:9)
  2 big kobolds
  5 bullfrogs
  3 scorpions
  5 crimson imps
  A quasit (D:7)
  A centaur zombie (D:9)
  3 hounds
  3 orc priests
  Jessica (D:2)
  2 iguanas
  4 orc wizards
  7 worker ants
  A hound zombie (D:8)
  A hound skeleton (D:3)
  A killer bee simulacrum (D:10)
  A howler monkey zombie (D:10)
  Robin (D:2)
  6 gnolls (D:3)
  8 adders
  4 shadow imps
  A white imp (D:10)
  2 ufetubi (D:10)
  3 oozes
  2 worms (D:2)
  2 dart slugs (D:2)
  5 leopard geckos
  17 orcs
  3 ball pythons
  8 giant cockroaches
  12 goblins
  7 hobgoblins
  8 jackals
  2 quokkas
  8 bats
  5 frilled lizards
  A giant cockroach zombie (D:5)
  16 kobolds
  A leopard gecko skeleton (D:3)
  A quokka skeleton (D:9)
  6 rats
202 creatures vanquished.

Notes
Turn   | Place    | Note
-------+----------+-------------------------------------------
     0 | D:1      | MisterFreud the Spriggan Assassin began the quest for the
                  | Orb.
     0 | D:1      | Reached XP level 1. HP: 10/10 MP: 2/2
   203 | D:1      | Reached XP level 2. HP: 10/14 MP: 3/3
   740 | D:2      | Noticed an orc warrior
   741 | D:2      | Reached XP level 3. HP: 18/18 MP: 4/4
   757 | D:2      | Killed an orc warrior
   757 | D:2      | Reached XP level 4. HP: 2/22 MP: 5/5
  1115 | D:2      | Reached XP level 5. HP: 11/25 MP: 6/6
  1370 | D:2      | Noticed Robin
  1405 | D:2      | Killed Robin
  1476 | D:2      | Noticed Jessica
  1483 | D:2      | Killed Jessica
  1597 | D:2      | Reached skill level 5 in Short Blades
  1642 | D:2      | Found an ornate altar of the Wu Jian Council.
  2001 | D:3      | Noticed Grinder
  2014 | D:3      | Killed Grinder
  2014 | D:3      | Reached skill level 5 in Throwing
  2014 | D:3      | Reached XP level 6. HP: 30/30 MP: 7/7
  2154 | D:3      | Noticed Sigmund
  2161 | D:3      | Found a burning altar of Makhleb.
  2172 | D:3      | Reached skill level 2 in Dodging
  2182 | D:3      | Reached XP level 7. HP: 30/33 MP: 8/8
  2233 | D:3      | Reached skill level 3 in Dodging
  2343 | D:3      | Killed Sigmund
  2343 | D:3      | Reached skill level 5 in Dodging
  2982 | D:4      | Reached skill level 6 in Dodging
  3075 | D:4      | Found a sparkling altar of Nemelex Xobeh.
  3178 | D:4      | Found a staircase to the Ecumenical Temple.
  3257 | D:4      | Found a runed translucent door.
  3258 | D:4      | Noticed Crazy Yiuf
  3261 | D:4      | Reached skill level 7 in Dodging
  3619 | D:4      | Noticed Eustachio
  3642 | D:4      | Killed Eustachio
  3642 | D:4      | Reached skill level 8 in Dodging
  3642 | D:4      | Reached XP level 8. HP: 25/37 MP: 9/9
  3665 | Temple   | Entered the Ecumenical Temple
  3700 | Temple   | Became a worshipper of Uskayaw the Reveler
  3873 | D:4      | Reached * piety under Uskayaw
  4093 | D:5      | Entered Level 5 of the Dungeon
  4140 | D:5      | Found an opulent altar of Gozag.
  4184 | D:5      | Found a shimmering blue altar of Sif Muna.
  4462 | D:5      | Reached skill level 9 in Dodging
  4774 | D:5      | Reached ** piety under Uskayaw
  4982 | D:6      | Reached skill level 10 in Dodging
  5343 | D:6      | Found a stormy altar of Qazlal.
  5345 | D:6      | Found a blossoming altar of Fedhas.
  5386 | D:6      | Reached *** piety under Uskayaw
  5411 | D:6      | Reached **** piety under Uskayaw
  5440 | D:6      | Reached skill level 1 in Evocations
  5444 | D:6      | Found a white marble altar of Elyvilon.
  5536 | D:6      | Found a radiant altar of Vehumet.
  5537 | D:6      | Found a burning altar of Makhleb.
  5866 | D:7      | Found an opulent altar of Gozag.
  5866 | D:7      | Found a hazy altar of Hepliaklqana.
  5867 | D:7      | Found a white marble altar of Elyvilon.
  5884 | D:7      | Found a sacrificial altar of Ru.
  5885 | D:7      | Found a shimmering altar of Xom.
  5885 | D:7      | Found a sparkling altar of Nemelex Xobeh.
  5936 | D:7      | Found a blossoming altar of Fedhas.
  5937 | D:7      | Noticed Pikel
  5986 | D:7      | Killed Pikel
  5986 | D:7      | Reached XP level 9. HP: 41/41 MP: 11/13
  6038 | D:7      | Reached skill level 5 in Evocations
  6130 | D:7      | Found a basalt altar of Yredelemnul.
  6203 | D:7      | Found a shattered altar of Ashenzari.
  6207 | D:7      | Noticed Joseph
  6269 | D:7      | Killed Joseph
  6655 | D:8      | Reached skill level 10 in Stealth
  6756 | D:8      | Noticed a two-headed ogre
  6788 | D:8      | Killed a two-headed ogre
  6788 | D:8      | Reached skill level 10 in Short Blades
  6881 | D:8      | Found Anyeskiz's Food Shoppe.
  6930 | D:8      | Found a transporter.
  6933 | D:8      | Noticed a queen bee
  6934 | D:8      | Found a transporter.
  6935 | D:8      | Noticed grouchysmurf's ghost (novice TrHu)
  6952 | D:8      | Reached XP level 10. HP: 43/46 MP: 13/15
  7110 | D:8      | Noticed a death knight
  7238 | D:8      | Reached skill level 11 in Dodging
  7859 | D:8      | Reached skill level 12 in Dodging
  8625 | D:9      | Noticed a two-headed ogre
  8632 | D:9      | Killed a two-headed ogre
  8632 | D:9      | Reached skill level 13 in Dodging
  8790 | D:9      | Found a snail-covered altar of Cheibriados.
  9068 | D:10     | Entered Level 10 of the Dungeon
  9182 | D:10     | Noticed a centaur warrior
  9218 | D:10     | Killed a centaur warrior
  9238 | D:10     | Reached ***** piety under Uskayaw
  9515 | D:10     | Noticed a death yak
  9517 | D:10     | Found a staircase to the Lair.
  9519 | D:10     | Noticed a death yak
  9519 | D:10     | Noticed a death yak
  9532 | D:10     | Killed a death yak
  9532 | D:10     | Reached XP level 11. HP: 49/49 MP: 16/16
  9657 | D:8      | HP: 1/49 [death knight/+0 battleaxe (23)]
  9672 | D:8      | Killed a death knight
  9672 | D:8      | Reached skill level 14 in Dodging
  9853 | D:10     | Slain by a polar bear

Levels and vault maps discovered:
D:1:      sevenhm_arrival_forest_fort_large_4, layout_basic, interstate_on_off,
          supply_closet_lemuel
D:2:      layout_loops_ring, lemuel_doored_altar, serial_glass, glass_columns_b,
          glass_columns_a, glass_columns_a, glass_columns_a,
          chequers_serial_rivers_marsh, uniq_jessica, uniq_robin
D:3:      cheibrodos_old_hovel, layout_loops_ring, first_ration, hex_large,
          minmay_misc_feat_square, makhleb_blood_cavern_becter, uniq_sigmund,
          uniq_grinder
D:4:      layout_gridville, minmay_temple_entry_butterflies,
          nemelex_spade_bored_becter, uniq_eustachio, uniq_crazy_yiuf_cottage
D:5:      layout_basic, lemuel_round_altar, grunt_gozag_breadcrumbs
D:6:      layout_rooms, grunt_temple_overflow_lords_of_destruction,
          grunt_temple_overflow_forces_of_nature, basic_altar,
          nrook_pool_corridor
D:7:      layout_basic, nicolae_ashenzari_panopticon,
          grunt_temple_overflow_open, kennysheep_mini, basic_altar, uniq_pikel,
          uniq_joseph
D:8:      minmay_the_grid_four_pointed_star
          [minmay_the_grid_triangle_9x9_checkered,
          minmay_the_grid_triangle_9x9_intruding_spiral,
          minmay_the_grid_triangle_9x9_longest,
          minmay_the_grid_triangle_9x9_pentomino_pain,
          minmay_the_grid_prize_trominoes], layout_rooms, gammafunk_ghost_hive,
          serial_shops, shop_fountains
D:9:      layout_small_grid, lemuel_round_altar
D:10:     layout_cave_pools, dpeg_lair_monsters, serial_ice, serial_ice_e,
          serial_ice_o, serial_ice_c, serial_ice_l
Temple:   corrupted_temple

Skill      XL: |  1  2  3  4  5  6  7  8  9 10 11 |
---------------+----------------------------------+-----
Stealth        | 6 8 10 | 10.0
Short Blades   | 3 4 5 6 7 10 11 | 11.3
Throwing       | 3 4 5 |  5.3
Dodging        | 2 8 10 13 14 | 14.0
Evocations     | 4 6 |  6.1
Invocations    | 2 3 |  3.2
Fighting       | |  1.5

Action                   |  1- 3 |  4- 6 |  7- 9 | 10-12 || total
-------------------------+-------+-------+-------+-------++-------
Melee: Dagger            |    62 |   172 |   452 |    36 ||   722
       Rapier            |       |       |       |   282 ||   282
Throw: Dart              |     1 |    24 |   132 |    89 ||   246
Evoke: Wand              |       |       |       |     4 ||     4
  Use: Scroll            |     2 |     5 |    11 |     1 ||    19
       Potion            |       |     1 |     1 |       ||     2
 Stab: Sleeping          |    14 |     8 |    20 |    11 ||    53
       Distracted        |       |     1 |     1 |       ||     2
       Paralysed         |       |       |     6 |     7 ||    13
  Eat: Ration            |       |       |     2 |     2 ||     4
Armor: Robe              |     6 |    23 |    13 |    11 ||    53
Dodge: Dodged            |    30 |    94 |   314 |   250 ||   688

Table legend:
 A = Non-vault XP
 B = Vault XP
 C = Vault XP percentage of total XP
 D = Non-vault monster count
 E = Vault monster count
 F = Vault count percentage of total count
                 A         B        C        D         E       F
            +---------+---------+-------+---------+---------+-------
      Total |    6760 |    5333 |  44.1 |     164 |      38 |  18.8
            +---------+---------+-------+---------+---------+-------
        D:1 |      32 |       0 |   0.0 |      18 |       0 |   0.0
        D:2 |     254 |      73 |  22.3 |      24 |      13 |  35.1
        D:3 |     144 |     550 |  79.3 |      24 |       4 |  14.3
        D:4 |     298 |     211 |  41.5 |      12 |       1 |   7.7
        D:5 |     224 |       0 |   0.0 |       9 |       0 |   0.0
        D:6 |     341 |      50 |  12.8 |      10 |       1 |   9.1
        D:7 |     659 |    1096 |  62.5 |      12 |       2 |  14.3
        D:8 |    1756 |    2297 |  56.7 |      16 |      11 |  40.7
        D:9 |    1661 |       0 |   0.0 |      21 |       0 |   0.0
       D:10 |    1388 |    1056 |  43.2 |      17 |       6 |  26.1
     Temple |       3 |       0 |   0.0 |       1 |       0 |   0.0
            +---------+---------+-------+---------+---------+-------
